 Dungeon Crawl Stone Soup version 0.30.0-5-g1a98f26d00 (webtiles) character file.

Game seed: 7216098190608714615

1149 pleonasm the Cleaver (level 8, -2/71 HPs)
             Began as a Minotaur Berserker on May 12, 2023.
             Was a Priest of Trog.
             Killed by divine providence
             ... invoked by an orc priest
              (13 damage)
             ... on level 4 of the Dungeon.
             The game lasted 00:12:58 (2595 turns).

pleonasm the Cleaver (Minotaur Berserker)           Turns: 2595, Time: 00:12:59

Health: -2/71      AC:  6    Str: 22    XL:     8   Next: 15%
Magic:  7/7        EV: 15    Int:  6    God:    Trog [***...]
Gold:   118        SH:  0    Dex: 10    Spells: 7/7 levels left

rFire   . . .        a - +0 hand axe
rCold   . . .        (no shield)
rNeg    . . .        h - +0 scale mail
rPois   .            (helmet restricted)
rElec   .            n - scarf {+Inv}
rCorr   .            (no gloves)
SInv    .            (no boots)
Will    ++...        (no amulet) Stlth
                     d - +5 ring of evasion
HPRegen 1.31/turn    (no ring)
MPRegen 0.10/turn

%: no passive effects
@: mighty, strong-willed, on berserk cooldown, regenerating, slowed, very slow
A: horns 2, retaliatory headbutt
a: Renounce Religion, Evoke Invisibility, Berserk, Trog's Hand


You were on level 4 of the Dungeon.
You worshipped Trog.
Trog was most pleased with you.
You visited 1 branch of the dungeon, and saw 4 of its levels.
You also visited: Ossuary.

You collected 118 gold pieces.

Inventory:

Hand Weapons
 a - a +0 hand axe (weapon)
Missiles
 c - 59 stones (quivered)
 f - 2 javelins
 r - 7 poisoned darts
Armour
 b - a +0 animal skin
 h - a +0 scale mail (worn)
 n - a scarf of invisibility (worn)
Jewellery
 d - a +5 ring of evasion (left hand)
Wands
 p - a wand of mindburst (11)
Scrolls
 g - a scroll of vulnerability {unknown}
 o - 3 scrolls of teleportation {unknown}
 q - 2 scrolls of blinking {unknown}
 s - a scroll of brand weapon {unknown}
 u - 2 scrolls of fog {unknown}
 w - a scroll of enchant armour
 y - a scroll of magic mapping {unknown}
 B - a scroll of poison {unknown}
Potions
 e - 3 potions of mutation
 i - 2 potions of heal wounds {unknown}
 k - a potion of berserk rage
 l - 2 potions of lignification {unknown}
 m - 2 potions of curing {unknown}
 t - 2 potions of attraction {unknown}
 v - a potion of magic
 x - a potion of might
 z - a potion of brilliance
 A - 2 potions of resistance {unknown}
 C - a potion of cancellation


   Skills:
 + Level 6.8 Fighting
 * Level 9.1 Axes
 - Level 3.2 Armour
 - Level 2.2 Dodging
 + Level 3.7 Evocations


You had 7 spell levels left.
You didn't know any spells.
Your spell library contained the following spells:

 Spells                   Type           Power      Damage    Failure   Level
 Necrotise                Necr           0%         1d4       78%         1
 Sublimation of Blood     Necr           0%         N/A       89%         2
 Wereblood                Tmut           0%         N/A       89%         2
 Vampiric Draining        Necr           0%         2d6       98%         3
 Agony                    Necr           0%         N/A       100%        5
 Summon Hydra             Summ           0%         N/A       100%        7


Dungeon Overview and Level Annotations

Branches:
Dungeon (4/15)            Ossuary (visited)
 Temple: D:4-7

Altars:
Dithmenos


Innate Abilities, Weirdness & Mutations

You have a pair of horns on your head.
You reflexively headbutt those who attack you in melee.


Message History

You headbutt the orc wizard! You closely miss something.
Your headbutt misses something. You hit something but do no damage.
You hit the orc wizard.
You kill the orc wizard!
Trog accepts your kill.
Trog appreciates your killing of a magic user.
You feel sick. Something hits you. Something freezes you.
Something barely misses you.
Your Axes skill increases to level 9!
You hit something. Your punch misses something. You miss something.
You feel sick.
You hear some strange, mumbled words.
A puff of flame appears from out of thin air!
The puff of flame misses you.
Something hits you but does no damage. x2
The orc priest miscasts a cantrip.
Something barely misses you.
You slash something! You headbutt something. Trog accepts your kill.
Trog appreciates your killing of a magic user.
Reactivating autopickup.
You feel a bit more experienced.
You barely miss something. You hit the orc priest.
You feel sick. The orc priest hits you with a +0 mace!
* * * LOW HITPOINT WARNING * * *
Something hits you.
* * * LOW HITPOINT WARNING * * *
Something freezes you.
* * * LOW HITPOINT WARNING * * *
Deactivating autopickup; reactivate with Ctrl-A.
Your skin crawls.
You feel strong-willed.
You feel sick.
You are no longer poisoned.
The orc priest hits you with a +0 mace.
* * * LOW HITPOINT WARNING * * *
You hear some strange, mumbled words.
A puff of flame appears from out of thin air!
The puff of flame misses you.
The orc priest mumbles some strange prayers to Beogh against you.
Beogh smites you!
You die...

..... +......... .
.....#####......... .
...................
...................
#..................
#..................
#######................#
......'.........{)..#
...####..†......@o..#
...# ##.†..........#
..## #............# ..#
#............# ..#
#............# ..#
#............# ..#
#............# ..#
#............# ..#
#............#


You could see an orc priest.

Vanquished Creatures
  A phantom (D:4)
  2 wyvern zombies (Ossuary)
  A scorpion (D:4)
  A water moccasin zombie (Ossuary)
  6 bullfrog zombies (Ossuary)
  3 centaur zombies (Ossuary)
  5 orc wizards
  2 killer bee zombies (Ossuary)
  12 mummies (Ossuary)
  3 howler monkey zombies (Ossuary)
  Robin (D:2)
  5 adders
  A worm (D:2)
  3 dart slugs
  6 orcs
  6 ball pythons
  4 endoplasms
  7 giant cockroaches
  8 goblins
  10 hobgoblins
  10 jackals (D:2)
  4 quokkas
  2 bats
  4 kobolds
  6 rats
113 creatures vanquished.

Notes
Turn   | Place    | Note
-------+----------+-------------------------------------------
     0 | D:1      | pleonasm the Minotaur Berserker began the quest for the
                  | Orb.
     0 | D:1      | Reached XP level 1. HP: 19/19 MP: 0/0
   292 | D:1      | Reached skill level 4 in Axes
   292 | D:1      | Reached XP level 2. HP: 27/27 MP: 1/1
   821 | D:2      | Reached XP level 3. HP: 31/33 MP: 2/2
   879 | D:2      | Reached ** piety under Trog
  1175 | D:2      | Reached XP level 4. HP: 35/40 MP: 3/3
  1242 | D:2      | Noticed Robin
  1246 | D:2      | Reached skill level 5 in Axes
  1258 | D:2      | Killed Robin
  1608 | D:3      | Reached skill level 1 in Evocations
  1608 | D:3      | Reached XP level 5. HP: 42/47 MP: 4/4
  1695 | D:3      | Found a shadowy altar of Dithmenos.
  1737 | D:3      | Reached skill level 6 in Axes
  1878 | D:3      | Reached *** piety under Trog
  1882 | D:3      | Noticed an ogre
  1947 | D:4      | Found a sand-covered staircase.
  1962 | Ossuary  | Entered an ossuary
  1978 | Ossuary  | Reached skill level 5 in Fighting
  2084 | Ossuary  | Reached XP level 6. HP: 51/56 MP: 5/5
  2124 | Ossuary  | Reached skill level 7 in Axes
  2150 | Ossuary  | Reached XP level 7. HP: 47/62 MP: 6/6
  2288 | Ossuary  | Reached skill level 8 in Axes
  2562 | D:4      | Reached XP level 8. HP: 71/71 MP: 7/7
  2593 | D:4      | Reached skill level 9 in Axes
  2595 | D:4      | Killed from afar by an orc priest

Illustrated notes

Levels and vault maps discovered:
D:1:      minmay_arrival_shattered_statue, layout_loops_ring
D:2:      layout_loops_ring, chequers_jeans, uniq_robin
D:3:      minmay_roachtagon, layout_rooms, mainiacjoe_overflow_surrounded_room,
          ebering_ghost_sewer_f
D:4:      layout_basic, nicolae_ossuary_entry_false_entrances

Skill      XL: |  1  2  3  4  5  6  7  8 |
---------------+-------------------------+-----
Axes           | 4 5 6 7 8 9 |  9.1
Fighting       | 4 5 6 |  6.8
Armour         | 3 |  3.2
Evocations     | 1 2 3 |  3.7
Dodging        | |  2.2

Action                     |  1- 3 |  4- 6 |  7- 9 || total
---------------------------+-------+-------+-------++-------
  Melee: Hand axe          |    81 |   141 |    94 ||   316
         Headbutt          |    13 |    30 |    26 ||    69
         Punch             |       |       |     3 ||     3
  Throw: Stone             |       |     3 |     1 ||     4
 Invoke: Berserk           |       |     1 |     4 ||     5
         Trog's Hand       |       |     1 |     4 ||     5
    Use: Scroll            |       |       |     5 ||     5
         Potion            |       |       |     2 ||     2
 Armour: Scale mail        |    15 |    28 |    25 ||    68
  Dodge: Dodged            |    58 |   105 |    76 ||   239
